 Dungeon Crawl Stone Soup version 0.26.1-11-gd32895ea62 (webtiles) character file.

Game seed: 4862313703129794305

50 vvl the Magician (level 3, -4/26 HPs)
             Began as a Demonspawn Hedge Wizard on June 2, 2021.
             Slain by a gnoll
             ... wielding a +0 halberd
              (12 damage)
             ... on level 2 of the Dungeon.
             The game lasted 00:02:40 (1971 turns).

vvl the Magician (Demonspawn Hedge Wizard)          Turns: 1971, Time: 00:02:41

Health: -4/26      AC:  2    Str: 11    XL:     3   Next: 55%
Magic:  0/7        EV: 12    Int: 15    God:
Gold:   109        SH:  0    Dex: 12    Spells: 7/8 levels left

rFire    . . .     SeeInvis .   a - +0 dagger
rCold    . . .     Faith    .   (no shield)
rNeg     . . .     Spirit   +   b - +0 robe
rPois    .         Reflect  .   c - +0 hat
rElec    .         Harm     .   (no cloak)
rCorr    .         Rampage  .   (no gloves)
Will     .....                  (no boots)
Stlth    ++........             d - amulet of guardian spirit
HPRegen  0.08/turn              (no ring)
MPRegen  0.10/turn              (no ring)

@: no status effects
A: talons 2
a: no special abilities


You were on level 2 of the Dungeon.
You visited 1 branch of the dungeon, and saw 2 of its levels.

You collected 109 gold pieces.

Inventory:

Hand Weapons
 a - a +0 dagger (weapon)
Missiles
 l - 5 boomerangs of dispersal
Armour
 b - a +0 robe (worn)
 c - a +0 hat (worn)
Jewellery
 d - an amulet of guardian spirit (around neck)
Scrolls
 e - a scroll of amnesia {unknown}
 f - 4 scrolls of identify {unknown}
 h - a scroll of noise {unknown}
 j - a scroll of teleportation {unknown}
 k - a scroll of magic mapping {unknown}
Potions
 g - a potion of brilliance {unknown}
 i - a potion of haste {unknown}


   Skills:
 + Level 1.0 Fighting
 + Level 0.8 Armour
 + Level 2.1 Dodging
 - Level 1.7 Stealth
 + Level 3.2 Spellcasting
 + Level 1.5 Conjurations
 + Level 1.3 Summonings
 + Level 1.3 Translocations


You had 7 spell levels left.
You knew the following spells:

 Your Spells              Type           Power        Failure   Level
a - Magic Dart            Conj           28%          11%         1

Your spell library contained the following spells:

 Spells                   Type           Power        Failure   Level
 Blink                    Tloc           N/A          17%         2
 Call Imp                 Summ           6%           17%         2
 Slow                     Hex            2%           30%         2
 Conjure Flame            Conj/Fire      4%           38%         3
 Mephitic Cloud           Conj/Pois/Air  3%           43%         3


Dungeon Overview and Level Annotations

Branches:
Dungeon (2/15)

Altars:
Elyvilon
Zin
The Shining One


Innate Abilities, Weirdness & Mutations

You have razor-sharp toenails.


Message History

You are too injured to fight recklessly!
You feel sick.
You hit the gnoll. You claw the gnoll.
The gnoll is heavily wounded.
The gnoll closely misses you.
You hit the gnoll. You claw the gnoll.
The gnoll is severely wounded.
You feel sick. The gnoll hits you with a +0 flail.
Sorry, you're not good enough to have a special ability.
Casting: Magic Dart (safe; 11% risk of failure)
Confirm with . or Enter, or press ? or * to list all spells.
Aiming: Magic Dart (safe; 11% risk of failure)
Press: ? - help, Shift-Dir - straight line, f - gnoll
Aim: a gnoll, wielding a +0 flail (severely wounded, 0% to evade)
The magic dart hits the gnoll.
You kill the gnoll!
You feel sick.
You are no longer poisoned.
The gnoll hits you with a +0 halberd!
You die...

...# # #......[..
##.# #.##.g†....g.
#.# #.(...# #.#
####..# #.# #..#
#.# #).# ##.# #..#
...# #..######.#
#### #...g@....#
#########.#######.#
##
#.............(..
.#
#.#######.###....
.# #.# #.# ##
.###.# #.# .....#
#.# .##### #.# .#
#.#


You could see a gnoll.

Vanquished Creatures
  A gnoll (D:2)
  An adder (D:2)
  An ooze (D:1)
  A leopard gecko (D:1)
  3 giant cockroaches
  3 hobgoblins
  2 kobolds (D:1)
  2 bats (D:1)
  4 frilled lizards
  4 goblins
  5 rats
27 creatures vanquished.

Notes
Turn   | Place    | Note
-------+----------+-------------------------------------------
     0 | D:1      | vvl the Demonspawn Hedge Wizard began the quest for the
                  | Orb.
     0 | D:1      | Reached XP level 1. HP: 13/13 MP: 4/4
   578 | D:1      | Reached skill level 1 in Translocations
  1050 | D:1      | Gained mutation: You have sharp toenails. [demonic
                  | ancestry]
  1050 | D:1      | Reached XP level 2. HP: 15/20 MP: 3/6
  1796 | D:2      | Gained mutation: You have razor-sharp toenails. [demonic
                  | ancestry]
  1796 | D:2      | Reached XP level 3. HP: 25/25 MP: 5/7
  1868 | D:2      | Found a glowing silver altar of Zin.
  1868 | D:2      | Found a glowing golden altar of the Shining One.
  1868 | D:2      | Found a white marble altar of Elyvilon.
  1959 | D:2      | Reached skill level 1 in Fighting
  1971 | D:2      | Slain by a gnoll

Illustrated notes

Levels and vault maps discovered:
D:1:      lemuel_arrival_behind_the_door_small, layout_basic, patterned_corridor
D:2:      layout_loops_ring, good_gods_mini_temple

Skill      XL: |  1  2  3 |
---------------+----------+-----
Translocations | 1 |  1.3
Dodging        | 2 |  2.1
Fighting       | 1 |  1.0
Armour         | |  0.8
Stealth        | |  1.7
Spellcasting   | |  3.2
Conjurations   | |  1.5
Summonings     | |  1.3

Action                   || total
-------------------------++-------
Melee: Dagger            ||    96
       Kick              ||    15
 Cast: Magic Dart        ||     1
 Stab: Sleeping          ||     1
Armor: Robe              ||    14
Dodge: Dodged            ||    52
